 Dungeon Crawl Stone Soup version 0.31.0-11-ge490571c62 (webtiles) character file.

Game seed: 12422300661811346883

392 Arctor the Magician (level 6, -1/32 HPs)
             Began as a Deep Elf Fire Elementalist on Feb 3, 2024.
             Was a Follower of Sif Muna.
             Constricted to death by Ijyb (3 damage)
             ... on level 5 of the Dungeon.
             The game lasted 00:03:34 (4529 turns).

Arctor the Magician (Deep Elf Fire Elementalist)    Turns: 4529, Time: 00:03:35

Health: -1/32      AC:  4    Str: 11    XL:     6   Next: 50%
Magic:  0/15       EV: 10    Int: 22    God:    Sif Muna [*.....]
Gold:   183        SH:  0    Dex: 15    Spells: 12/15 levels left

rFire   + . .        (no weapon)
rCold   + . .        (no shield)
rNeg    . . .        a - +0 robe
rPois   +            e - +1 helmet
rElec   +            (no cloak)
rCorr   +            (no gloves)
SInv    .            (no boots)
Will    +....        o - amulet of guardian spirit
Stlth   +++          d - +6 ring of strength
HPRegen 0.25/turn    g - ring of willpower
MPRegen 0.14/turn

%: guardian spirit
@: resistant, grasped by roots, constricted
A: no striking features
a: Renounce Religion, Channel Magic


You were on level 5 of the Dungeon.
You worshipped Sif Muna.
Sif Muna was aware of your devotion.
You visited 1 branch of the dungeon, and saw 4 of its levels.

You collected 183 gold pieces.

Inventory:

Armour
 a - a +0 robe (worn)
 e - a +1 helmet (worn)
Jewellery
 d - a +6 ring of strength (left hand)
 g - a ring of willpower (right hand)
 o - an amulet of guardian spirit (around neck)
Scrolls
 h - a scroll of identify {unknown}
 i - 2 scrolls of noise {unknown}
 k - 2 scrolls of teleportation {unknown}
 l - a scroll of immolation {unknown}
 m - a scroll of fog {unknown}
 n - a scroll of poison {unknown}
 q - a scroll of brand weapon {unknown}
 r - a scroll of vulnerability {unknown}
Potions
 b - a potion of magic
 c - a potion of might
 p - a potion of enlightenment


   Skills:
 + Level 4.2 Dodging
 + Level 4.5 Stealth
 + Level 5.0 Spellcasting
 + Level 3.2 Conjurations
 + Level 4.6 Fire Magic


You had 12 spell levels left.
You knew the following spells:

 Your Spells              Type           Power      Damage    Failure   Level
a - Foxfire               Conj/Fire      88%        2x1d8     1%          1
b - Scorch                Fire           50%        2d7       2%          2

Your spell library contained the following spells:

 Spells                   Type           Power      Damage    Failure   Level
 Inner Flame              Hex/Fire       15%        N/A       12%         3
 Volatile Blastmotes      Fire/Tloc      30%        2d12      12%         3
 Flame Wave               Conj/Fire      22%        2d8       21%         4


Dungeon Overview and Level Annotations

Branches:
Dungeon (3/15)

Altars:
Sif Muna

Shops:
D:5 ?([(

Annotations:
D:3 1 runed translucent door, Bobbunny's ghost, novice FoDe
D:5 3 runed translucent doors, DeathSocks's ghost, weakling VSDe; Ijyb


Message History

Unknown command.
You are too injured to fight recklessly!
Your foxfire dissipates!
Ijyb attacks as she pursues you! Ijyb hits you with a +0 club.
Ijyb attacks as she pursues you! Ijyb hits you but does no damage.
Ijyb zaps a wand.
The roots erupt in riotous growth!
The grasping roots grab you! The grasping roots constrict you!
* * * LOW HITPOINT WARNING * * *
You hear an angry hiss.
You escape the roots grasp.
Casting: Scorch (safe; 2% risk of failure)
Confirm with . or Enter, or press ? or * to list all spells.
You conjure some foxfire!
Ijyb is no longer more vulnerable to fire.
It was a potion of resistance.
You feel protected.
The foxfire hits Ijyb.
Ijyb is heavily wounded.
The foxfire hits Ijyb.
Ijyb is heavily wounded.
Ijyb completely misses you.
Casting: Foxfire (safe; 1% risk of failure)
Confirm with . or Enter, or press ? or * to list all spells.
You don't have enough magic to cast this spell.
You hit Ijyb.
Ijyb is severely wounded.
Ijyb zaps a wand.
The roots erupt in riotous growth!
The grasping roots grab you!
Ijyb is unaffected.
The grasping roots constrict you.
* * * LOW HITPOINT WARNING * * *
Unknown command.
Okay, then.
As you read the scroll labelled TUAM IWOPN, it crumbles to dust.
It is a scroll of enchant armour.
Your +0 helmet glows green for a moment.
Ijyb hits you with a +0 club.
* * * LOW HITPOINT WARNING * * *
The grasping roots constrict you.
You die...

#..# #..#
#..# #..#
#..# #..#
#
#..#####.#
#..g.....#
#.@#####.#
#..# #
#..# #..#
#..# #..#
#..# #..#
### #..#
..#


You could see Ijyb.

Vanquished Creatures
  A phantom (D:5)
  2 scorpions (D:5)
  3 iguanas (D:5)
  Robin (D:2)
  5 adders
  A ribbon worm (D:2)
  4 orcs (D:3)
  4 bats
  9 endoplasms
  3 giant cockroaches
  9 goblins
  A hobgoblin (D:2)
  8 jackals (D:5)
  2 quokkas (D:1)
  4 ball pythons
  4 frilled lizards
  2 kobolds
  3 rats
66 creatures vanquished.

Vanquished Creatures (others)
  341 foxfires
341 creatures vanquished.

Grand Total: 407 creatures vanquished

Notes
Turn   | Place    | Note
-------+----------+-------------------------------------------
     0 | D:1      | Arctor the Deep Elf Fire Elementalist began the quest for
                  | the Orb.
     0 | D:1      | Reached XP level 1. HP: 10/10 MP: 6/6
   434 | D:1      | Reached XP level 2. HP: 15/15 MP: 4/8
   759 | D:1      | Learned a level 2 spell: Scorch
  1800 | D:2      | Reached XP level 3. HP: 14/19 MP: 0/10
  1999 | D:2      | Noticed Robin
  2024 | D:2      | Found a shimmering blue altar of Sif Muna.
  2034 | D:2      | Became a worshipper of Sif Muna the Loreminder
  2309 | D:2      | Killed Robin
  2942 | D:3      | Reached XP level 4. HP: 24/24 MP: 5/11
  3105 | D:3      | Noticed Bobbunny's ghost (novice FoDe)
  3108 | D:3      | Found a runed translucent door.
  3335 | D:3      | Reached skill level 4 in Spellcasting
  3527 | D:3      | You fall into a shaft and drop 2 floors!
  3527 | D:5      | Entered Level 5 of the Dungeon
  3527 | D:5      | Found Dewocext's Armour Emporium.
  3589 | D:5      | Found a shimmering blue altar of Sif Muna.
  3624 | D:5      | Found Goan's Magic Scroll Shop.
  3696 | D:5      | Noticed a phantom
  3703 | D:5      | Killed a phantom
  3704 | D:5      | Reached XP level 5. HP: 28/28 MP: 5/13
  3974 | D:5      | Found Fekozyaxt's Antique Weapon Shoppe.
  4144 | D:5      | Found Piesch's Weapon Boutique.
  4181 | D:5      | Reached XP level 6. HP: 25/32 MP: 4/15
  4257 | D:5      | Found a runed translucent gate.
  4275 | D:5      | Found a runed translucent gate.
  4276 | D:5      | Found a runed translucent gate.
  4277 | D:5      | Noticed DeathSocks's ghost (weakling VSDe)
  4361 | D:5      | Reached * piety under Sif Muna
  4513 | D:5      | Noticed Ijyb
  4516 | D:5      | Reached skill level 5 in Spellcasting
  4529 | D:5      | Constricted to death by Ijyb

Illustrated notes

Levels and vault maps discovered:
D:1:      psy_arrival_radial01, layout_basic
D:2:      layout_loops_ring, basic_altar, uniq_robin
D:3:      layout_loops_ring, grunt_dithmenos_smoke_and_mirrors,
          nicolae_uskayaw_suspiria, hellmonk_ghost_happy_afterlife
D:5:      layout_basic, mainiacjoe_overflow_catwalk, biasface_ghost_orc_armoury,
          serial_shops, shop, kennysheep_mini, nicolae_shop_tiny_waterfront,
          shop, shop, minmay_misc_feat_more_columns,
          chequers_serial_rivers_room_b, roderic_lattice_a, uniq_ijyb,
          uniq_duvessa

Skill      XL: |  1  2  3  4  5  6 |
---------------+-------------------+-----
Stealth        | 3 4 |  4.5
Dodging        | 3 4 |  4.2
Conjurations   | 2 3 |  3.2
Spellcasting   | 4 5 |  5.0
Fire Magic     | 4 |  4.6

Action                     |  1- 3 |  4- 6 || total
---------------------------+-------+-------++-------
  Melee: Unarmed           |    46 |     6 ||    52
   Cast: Foxfire           |   138 |    85 ||   223
         Scorch            |    13 |    14 ||    27
    Use: Potion            |     3 |     1 ||     4
         Scroll            |     1 |     1 ||     2
 Armour: Robe              |    43 |     8 ||    51
  Dodge: Dodged            |    49 |    12 ||    61
